 Dungeon Crawl Stone Soup version 0.28.0-47-ge53b351184 (webtiles) character file.

Game seed: 6791461528391564388

212 CryoSword the Vexing (level 5, -1/29 HPs)
             Began as a Vampire Enchanter on May 8, 2022.
             Slain by a hound (2 damage)
             ... on level 4 of the Dungeon.
             The game lasted 00:04:18 (3304 turns).

CryoSword the Vexing (Vampire Enchanter)            Turns: 3304, Time: 00:04:19

Health: -1/29      AC:  2    Str:  9    XL:     5   Next: 58%
Magic:  1/8        EV: 13    Int: 17    God:
Gold:   197        SH:  0    Dex: 15    Spells: 6/8 levels left

rFire   . . .      SeeInvis +   a - +1 dagger
rCold   + + .      Faith    .   (no shield)
rNeg    + + +      Spirit   .   b - +0 robe
rPois   ∞          Reflect  .   (no helmet)
rElec   .          Harm     .   (no cloak)
rCorr   .          Rampage  .   (no gloves)
Will    .....                   (no boots)
Stlth   +++++.....              (no amulet)
HPRegen 0.00/turn               (no ring)
MPRegen 0.11/turn               (no ring)

@: bloodless, inhibited regen
A: bloodless, fangs 3, see invisible, vampiric 2
a: Bat Form, Revivify


You were on level 4 of the Dungeon.
You visited 1 branch of the dungeon, and saw 4 of its levels.

You collected 197 gold pieces.

Inventory:

Hand Weapons
 a - a +1 dagger (weapon)
Missiles
 h - 6 boomerangs (quivered)
Armour
 b - a +0 robe (worn)
 k - a +1 helmet
   (You found it on level 3 of the Dungeon)
Jewellery
 g - a ring of ice
   (You found it on level 2 of the Dungeon)
 j - a ring of magical power
   (You found it on level 3 of the Dungeon)
Scrolls
 d - a scroll of blinking {unknown}
 i - a scroll of identify {@r1}
 l - a scroll of enchant armour {unknown}
 m - a scroll of teleportation {@r4}
Potions
 c - 2 potions of invisibility
 e - 2 potions of lignification {unknown}
 f - a potion of flight {unknown}
 n - a potion of might {unknown}


   Skills:
 + Level 1.3 Fighting
 * Level 3.0 Short Blades
 + Level 2.8 Dodging
 + Level 5.2 Stealth
 - Level 2.0 Spellcasting
 * Level 5.7 Hexes
 * Level 2.4 Ice Magic


You had 6 spell levels left.
You knew the following spells:

 Your Spells              Type           Power      Damage    Failure   Level
a - Ensorcelled Hibernat  Hex/Ice        30%        N/A       5%          2

Your spell library contained the following spells:

 Spells                   Type           Power      Damage    Failure   Level
 Confusing Touch          Hex            21%        N/A       5%          3
 Tukima's Dance           Hex            21%        N/A       5%          3
 Magic Dart               Conj           4%         1d3       19%         1
 Dazzling Flash           Conj/Hex       22%        N/A       19%         3
 Searing Ray              Conj           2%         2d4       28%         2
 Fulminant Prism          Conj/Hex       5%         3d7       52%         4
 Yara's Violent Unravell  Hex/Tmut       5%         3d4       86%         5
 Enfeeble                 Hex            10%        N/A       100%        7


Dungeon Overview and Level Annotations

Branches:
Dungeon (4/15)
 Temple: D:4-7

Altars:
Elyvilon
Nemelex Xobeh


Innate Abilities, Weirdness & Mutations

You do not regenerate when monsters are visible.
You are frail without blood (-20% HP).
You can heal yourself when you bite living creatures.
You are immune to poison.
You have razor-sharp teeth.
You have supernaturally acute eyesight. (SInv)
You are afflicted with vampirism and can become a bat while bloodless.


Message History

The ogre hits you with a +0 giant club!
Ouch! That really hurt!
* * * LOW HITPOINT WARNING * * *
The hound barks!
The hound bites you.
* * * LOW HITPOINT WARNING * * *
The hound bites you but does no damage. The hound bites you.
* * * LOW HITPOINT WARNING * * *
The hound bites you.
* * * LOW HITPOINT WARNING * * *
Aim: a hound (chance to affect: 56%)
The hound resists with significant effort.
The hound bites you.
* * * LOW HITPOINT WARNING * * *
Aim: a hound (chance to affect: 56%)
The hound resists with significant effort.
The hound barely misses you. The hound bites you but does no damage.
Aim: a hound (chance to affect: 56%)
The hound resists with significant effort.
The hound bites you but does no damage.
You don't have enough magic to cast this spell.
Unknown command.
Okay, then.
The hound barely misses you.
There is a fountain of sparkling water here.
The hound bites you but does no damage.
There is a fountain of sparkling water here.
The hound closely misses you.
There is a stone staircase leading up here.
The hound closely misses you.
You climb upwards.
There is a stone staircase leading down here.
The hound barely misses you.
Aim: a hound (chance to affect: 56%)
The hound looks drowsy...
The helpless hound fails to defend itself.
You bite the hound, and draw its blood!
You feel better.
You impale the hound!!
You kill the hound!
You have reached level 5!
You feel agile.
There is a stone staircase leading down here.
You start resting.
You start resting.
You climb downwards.
You hear the sound of rushing water.
There is an entrance to a sewer on this level.
Hurry and find it before the portal rusts away!
You hear the brisk rusting of a very distant drain.
Found 26 arrows.
There is a stone staircase leading up here.
Unknown command.
Unknown command.
Found a cyan potion and 10 gold pieces.
You see here 26 arrows.
n - a cyan potion You now have 188 gold pieces (gained 10).
You open the door.
Found a robe.
There is an open door here.
Found 9 gold pieces.
You see here a +0 robe.
You now have 197 gold pieces (gained 9).
A giant cockroach comes into view.
You hear the brisk rusting of a very distant drain.
The helpless giant cockroach fails to defend itself.
You impale the giant cockroach!!
You kill the giant cockroach!
Found a falchion.
An iguana comes into view.
The iguana hisses angrily.
An orc wizard comes into view. It is wielding a +0 dagger.
Aim: an iguana (chance to affect: 56%)
You miscast Ensorcelled Hibernation.
You are very lightly contaminated with residual magic.
Nothing appears to happen.
The orc wizard shouts!
Aim: an iguana (chance to affect: 56%)
The iguana resists with significant effort.
The iguana barely misses you.
Aim: an iguana (chance to affect: 56%)
The iguana resists with significant effort.
The iguana completely misses you.
A ball python comes into view.
An orc opens the door.
A hound and an orc priest come into view.
The orc wizard mumbles some strange words.
The orc wizard flickers and vanishes for a moment.
The hound moves out of view.
The orc priest moves out of view.
Your magical contamination has completely faded away.
Aim: an iguana (chance to affect: 56%)
The iguana looks drowsy...
The helpless iguana fails to defend itself.
You bite the iguana, and draw its blood!
You impale the iguana!!
You kill the iguana!
The orc wizard points at you and mumbles some strange words.
The puff of flame misses you. The orc wizard closely misses you.
You barely miss the orc wizard.
You punch the orc wizard, but do no damage.
The orc wizard hits you with a +0 dagger.
You hit the orc wizard but do no damage.
The orc wizard casts a spell at you.
You are confused.
You closely miss the orc wizard.
You bump into the rock wall.
The orc wizard points at you and mumbles some strange words.
You are more confused.
You bump into the rock wall.
The orc wizard hits you with a +0 dagger.
You bump into the rock wall.
The orc wizard barely misses you.
You bump into the rock wall.
The orc wizard hits you with a +0 dagger.
You bump into the rock wall.
The orc wizard hits you with a +0 dagger.
You hit the orc wizard. The orc wizard closely misses you.
You bump into the rock wall.
The orc wizard barely misses you.
You barely miss the orc wizard.
The orc wizard gestures at you while chanting.
You resist with some effort.
You bump into the rock wall.
The orc wizard casts a spell at you. The puff of flame misses you.
You bump into the rock wall.
The orc wizard completely misses you.
You barely miss the orc wizard.
The orc wizard hits you with a +0 dagger.
You bump into the rock wall.
The orc wizard hits you with a +0 dagger.
You barely miss the orc wizard. The orc wizard casts a spell at you.
The magic dart hits you!
* * * LOW HITPOINT WARNING * * *
You barely miss the orc wizard.
You feel less confused.
The orc wizard points at you and mumbles some strange words.
You resist with some effort.
Aim: an orc wizard, wielding a +0 dagger and wearing a +0 robe (lightly wounded, slightly transparent, chance to affect: 49%)
The orc wizard looks drowsy...
The helpless orc wizard fails to defend itself.
You bite the orc wizard, and draw its blood!
You feel better.
You impale the orc wizard!!
You kill the orc wizard!
Your Short Blades skill increases to level 3!
You don't have enough magic to cast this spell.
You closely miss the hound. The hound bites you.
* * * LOW HITPOINT WARNING * * *
You hit the hound. The hound bites you.
* * * LOW HITPOINT WARNING * * *
The hound bites you.
You die...

####### #.....# ######
########.....### #.....
#......'........ #.....
#[######.....### #.....#####
#.# #.....## #....).o..# #.#
#.###.###
##.o.####.#####.#####.#.....##
#..o'......h@........#...(.##
#...##.#.#####.#######.....##
# #.#.# ..# ###<##.. # #.# #.#
####.. #.# #.# #.. #.# #.# #..
#.# ..# #.. #.# .# ### #.#


You could see a hound.

Vanquished Creatures
  A hound (D:3)
  An iguana (D:4)
  3 orc wizards
  2 adders
  A worm (D:2)
  2 orcs
  7 endoplasms
  3 giant cockroaches
  7 goblins
  5 hobgoblins
  2 kobolds (D:2)
  3 quokkas (D:1)
  9 ball pythons
  3 bats
  2 frilled lizards (D:1)
  7 rats
58 creatures vanquished.

Vanquished Creatures (others)
  2 withered plants (D:2)
2 creatures vanquished.

Grand Total: 60 creatures vanquished

Notes
Turn   | Place    | Note
-------+----------+-------------------------------------------
     0 | D:1      | CryoSword the Vampire Enchanter began the quest for the
                  | Orb.
     0 | D:1      | Reached XP level 1. HP: 13/13 MP: 3/3
   286 | D:1      | Reached XP level 2. HP: 19/19 MP: 5/5
   289 | D:1      | Learned a level 2 spell: Ensorcelled Hibernation
  1051 | D:2      | Found a faded altar of an unknown god.
  1222 | D:2      | Reached skill level 1 in Ice Magic
  1222 | D:2      | Gained mutation: You are afflicted with vampirism and can
                  | become a bat while bloodless. [Vampire growth]
  1222 | D:2      | Reached XP level 3. HP: 25/25 MP: 3/6
  1891 | D:3      | Reached skill level 5 in Hexes
  1930 | D:3      | Reached XP level 4. HP: 24/24 MP: 7/7
  2295 | D:3      | Reached skill level 1 in Fighting
  2295 | D:3      | Reached skill level 5 in Stealth
  2913 | D:4      | Found a sparkling altar of Nemelex Xobeh.
  2926 | D:4      | Noticed an ogre
  2946 | D:4      | HP: 1/25 [hound (4)]
  2958 | D:3      | Reached XP level 5. HP: 6/29 MP: 0/8
  3304 | D:4      | HP: 1/29 [hound (3)]
  3304 | D:4      | Slain by a hound

Illustrated notes

Levels and vault maps discovered:
D:1:      dpeg_arrival_orchard, layout_loops_corners, kennysheep_pointless_box
D:2:      layout_loops_cross, ebering_ecumenical_altar_petrified
D:3:      minmay_general_purpose_star, layout_basic,
          mainiacjoe_overflow_six_doors_small, corner_web_ring,
          serial_park_tiny_2
D:4:      layout_basic, nemelex_xobeh_ov_fountains_minmay,
          cheibrodos_sewer_entry_bend

Skill      XL: |  1  2  3  4  5 |
---------------+----------------+-----
Ice Magic      | 1 2 |  2.4
Short Blades   | 2 3 |  3.0
Hexes          | 5 |  5.7
Fighting       | 1 |  1.3
Stealth        | 5 |  5.2
Dodging        | |  2.8
Spellcasting   | |  2.0

Action                   |  1- 3 |  4- 6 || total
-------------------------+-------+-------++-------
Melee: Dagger            |   107 |    34 ||   141
       Bite              |     9 |     1 ||    10
       Punch             |       |     1 ||     1
 Cast: Ensorcelled Hiber |     7 |    22 ||    29
 Abil: Exsanguinate      |     1 |       ||     1
  Use: Scroll            |     4 |       ||     4
 Stab: Sleeping          |    25 |    12 ||    37
Armor: Robe              |    13 |     7 ||    20
Dodge: Dodged            |    54 |    27 ||    81
